AoeStats
← majostgr

Arabia

507955667Analyzed
1v1 RM · 10d ago on Sep 20, 2026· 32m 41s· 2 players
Game mode
Random Map
Map size
Tiny (2 player)
Population
200
Speed
Normal
Resources
Standard
Victory
Conquest
Starting age
Dark Age
Ending age
Imperial Age
RankedLock teamsTeams togetherTeam positionsShared explorationLock speedFull tech treeHidden civsTurbo modeCheats
Victory
Defeat
🇮🇳 Mongols · India
1160
+15
🇸🇰 Burgundians · Slovakia
1133
-15
majostgr
9:36 Loom
11:41 Feudal Age
10:51 Double-Bit Axe
22:53 Castle Age
22:05 Scale Barding Armor
22:03 Gold Mining
22:55 Cavalier
zqllqaa098
0:49 Loom
9:06 Feudal Age
10:31 Man-at-Arms
14:51 Double-Bit Axe
15:11 Horse Collar
21:52 Castle Age
20:04 Gold Mining
23:26 Wheelbarrow
23:04 Bow Saw
23:31 Gold Shaft Mining
23:35 Squires
24:42 Fletching
25:55 Ballistics
25:56 Heavy Plow
26:25 Bodkin Arrow
26:49 Padded Archer Armor
28:51 Leather Archer Armor
29:59 Scale Barding Armor
31:16 Stone Mining
Connection lost

Rejoining the realm…

Still unreachable

The connection could not be restored.

Session expired

The server has moved on; the page needs a fresh start.